Map: Gresvan LE

Players

A.I. 1 (Very Easy)

  • Race: Zerg Zerg
  • Spawn Location: 5:00

zachvac - Winner!

  • Race: Zerg Zerg
  • League: Platinum
  • Spawn Location: 11:00

VOD

https://www.youtube.com/watch?v=dQw4w9WgXcQ

Description

Time

  • Played on: Feb. 23, 2023, 12:55 p.m.
  • Length: 4:25
Show
View Real Time Build Order
Export as new Build Order

A.I. 1 (Very Easy) Zerg 

Build Orders: Pool Only 

Get SALT Encoding   

  12  0:01  Drone  
  13  0:12  Overlord  
  13  0:16  Drone  
  14  0:36  Spawning Pool  
  14  0:38  Extractor  
  14  0:39  Drone  
  13  0:46  Drone  
  14  0:51  Overlord  
  14  1:22  Zergling x2  
  14  1:23  Queen  
  17  1:31  Roach Warren  
  16  1:35  Drone  
  16  1:38  Extractor  
  16  1:43  Drone  
  17  1:50  Zergling x2  
  18  2:02  Drone  
  19  2:09  Drone  
  20  2:18  Drone, Zergling x2  
  22  2:29  Overlord  
  22  2:33  Drone  
  23  2:40  Drone  
  24  2:46  Roach  
  24  2:47  Drone  
  24  3:11  Queen  
  22  3:14  Zergling x2  
  22  3:19  Drone  
  19  3:26  Drone  
  15  3:37  Drone  
  15  3:42  Zergling x2  
  15  3:45  Drone  
  15  3:52  Drone  
  15  3:59  Drone  
  1  4:10  Drone  
Show
View Real Time Build Order
Export as new Build Order

zachvac Zerg - Winner!

Build Orders: Pool First 

Get SALT Encoding   

  12  0:00  Drone  
  13  0:12  Overlord  
  13  0:16  Drone  
  13  0:20  Extractor  
  13  0:22  Drone  
  14  0:39  Spawning Pool  
  13  0:45  Drone  
  13  0:46  Drone  
  15  0:52  Drone  
  16  0:57  Drone  
  17  1:25  Metabolic Boost  
  17  1:30  Hatchery  
  16  1:35  Zergling x2  
  16  1:36  Zergling x2  
  16  1:39  Zergling x2  
  19  1:48  Overlord  
  19  1:55  Queen  
  19  1:59  Zergling x2  
  22  2:08  Zergling x2  
  23  2:19  Zergling x2  
  24  2:30  Overlord  
  24  2:41  Queen  
  24  2:43  Zergling x4  
  28  2:51  Zergling x2  
  29  2:55  Zergling x2  
  30  3:05  Zergling x10  
  32  3:17  Zergling x4  
  31  3:30  Zergling x4  
  30  3:58  Zergling x18  
Tags
 
League
Platinum
Matchup
ZvZ
Race
Zerg
Spawn Locations
Cross Positions
Add a new tag
Caveats
  • Supply blocks, unpowered buildings, or Contaminate may cause inaccurate times.
  • Supply counts are checked every 10 seconds.